Map: Thunderbird LE

Players

Cham - Winner!

  • Race: Zerg Zerg
  • Spawn Location: 5:00

hinO

  • Race: Zerg Zerg
  • Spawn Location: 11:00

Event: 2019 WCS Summer

VOD

Have the link to the VOD?

Description

Time

  • Played on: July 12, 2019, 1 p.m.
  • Length: 17:57

All games in this series

Show
View Real Time Build Order
Export as new Build Order

Cham Zerg - Winner!

Build Orders: Hatch First 

Get SALT Encoding   

  12  0:00  Drone  
  13  0:08  Drone  
  14  0:16  Overlord  
  14  0:35  Drone x2  
  16  0:48  Hatchery  
  15  0:52  Drone  
  15  0:56  Drone  
  17  0:58  Drone  
  18  1:09  Extractor  
  17  1:13  Spawning Pool  
  17  1:16  Drone  
  17  1:20  Drone  
  18  1:29  Drone  
  19  1:40  Overlord  
  19  1:51  Drone  
  20  2:00  Queen x2  
  24  2:02  Zergling x4  
  26  2:10  Metabolic Boost  
  26  2:12  Drone x2  
  28  2:21  Drone  
  29  2:24  Drone  
  30  2:35  Hatchery  
  29  2:40  Drone x2  
  31  2:49  Overlord  
  31  2:50  Drone  
  32  2:54  Drone  
  32  3:06  Drone x2  
  32  3:07  Drone  
  32  3:09  Drone x5  
  40  3:13  Drone  
  40  3:18  Roach Warren  
  40  3:22  Zergling x2  
  40  3:23  Zergling x2  
  42  3:29  Overlord  
  42  3:30  Zergling x2  
  43  3:40  Overlord  
  43  3:46  Queen  
  45  3:58  Roach  
  45  3:59  Roach x7  
  61  4:08  Roach  
  63  4:11  Roach  
  63  4:13  Overlord x2  
  65  4:22  Overlord  
  65  4:28  Overlord  
  65  4:32  Zergling x4  
  65  4:33  Zergling x8  
  65  4:35  Zergling x2  
  72  4:45  Zergling x2  
  72  4:46  Zergling x2  
  72  4:47  Zergling x6  
  72  4:48  Lair  
  72  4:49  Overlord  
  76  5:00  Drone x8  
  76  5:04  Drone  
  85  5:10  Drone  
  85  5:14  Ravager, Drone  
  70  5:16  Drone  
  70  5:18  Queen x2  
  62  5:22  Roach x2  
  62  5:26  Extractor  
  62  5:27  Extractor, Spine Crawler  
  63  5:30  Roach x2  
  63  5:32  Roach  
  69  5:37  Overlord  
  69  5:39  Roach  
  69  5:40  Drone x2  
  73  5:45  Overlord x2  
  73  5:48  Roach  
  73  5:49  Zergling x2  
  76  5:54  Queen  
  76  5:55  Zergling x6, Roach  
  83  5:59  Roach x2  
  87  6:09  Roach  
  87  6:10  Zergling x2, Roach x2  
  85  6:13  Overlord  
  85  6:16  Overlord  
  85  6:24  Roach  
  85  6:25  Zergling x6  
  89  6:31  Nydus Network  
  89  6:33  Queen x2  
  89  6:38  Zergling x2, Roach x2  
  98  6:42  Roach  
  100  6:49  Roach x2  
  100  6:50  Overlord  
  100  6:52  Roach  
  100  6:53  Roach  
  100  6:54  Zergling x2  
  109  6:56  Roach  
  109  6:57  Zergling x4  
  109  7:01  Zergling x6  
  115  7:07  Nydus Canal  
  116  7:13  Roach x4  
  124  7:22  Roach  
  125  7:24  Nydus Canal  
  125  7:27  Roach  
  114  7:39  Roach x2  
  114  7:41  Roach x2  
  110  7:44  Zergling x2  
  110  7:48  Nydus Canal  
  110  7:51  Zergling x20  
  107  7:52  Queen x2  
  107  7:56  Roach x2  
  104  7:59  Zergling x2, Roach  
  104  8:05  Zergling x4  
  95  8:09  Drone  
  95  8:10  Drone x2  
  95  8:11  Queen  
  90  8:19  Drone  
  91  8:20  Spire  
  91  8:21  Drone x2  
  91  8:23  Drone  
  94  8:27  Drone x2  
  94  8:33  Extractor  
  94  8:36  Drone x3  
  94  8:38  Roach  
  94  8:40  Drone  
  100  8:41  Extractor  
  100  8:43  Extractor  
  100  8:44  Roach  
  100  8:48  Roach x3  
  106  8:52  Drone x2  
  108  9:02  Roach x5  
  118  9:07  Roach x2  
  122  9:10  Overlord  
  122  9:16  Overlord  
  122  9:19  Overlord  
  122  9:31  Mutalisk x5  
  122  9:37  Mutalisk  
  132  9:38  Zergling x2  
  132  9:39  Zergling x10  
  132  9:41  Spine Crawler  
  137  9:46  Mutalisk  
  137  9:49  Mutalisk  
  137  9:51  Zergling x4, Roach  
  141  9:54  Zergling x2, Roach x2  
  141  9:59  Roach  
  148  10:00  Zergling x2, Roach  
  148  10:11  Glial Reconstitution  
  148  10:14  Drone x4  
  151  10:17  Hatchery  
  156  10:29  Drone  
  156  10:31  Evolution Chamber  
  160  10:37  Roach  
  160  10:38  Roach x3  
  160  10:40  Ravager x2  
  160  10:41  Ravager x4, Overlord x2  
  168  10:50  Roach  
  168  10:51  Overlord  
  168  10:55  Overlord  
  168  10:57  Zerg Missile Weapons Level 1  
  168  11:00  Overlord x2  
  168  11:04  Drone  
  169  11:06  Infestation Pit  
  169  11:08  Roach x2  
  169  11:09  Overseer  
  172  11:12  Roach  
  172  11:13  Roach  
  172  11:14  Overlord  
  172  11:15  Roach x2  
  172  11:16  Roach x2  
  184  11:20  Roach x2  
  184  11:22  Roach  
  184  11:23  Ravager x2, Roach  
  184  11:25  Drone x2  
  194  11:30  Drone x4  
  198  11:33  Drone  
  195  11:55  Spine Crawler  
  195  11:56  Spine Crawler, Ravager x3  
  195  11:57  Roach x2  
  184  12:11  Roach x2  
  182  12:20  Roach  
  153  12:24  Roach x18  
  153  12:29  Roach  
  165  12:36  Ravager  
  166  12:38  Roach x3  
  166  12:40  Ravager x2  
  174  12:45  Drone x2  
  174  12:47  Extractor, Evolution Chamber  
  174  12:48  Extractor  
  174  12:49  Roach x2  
  177  12:51  Zerg Ground Armor Level 1  
  177  12:54  Roach x2  
  177  12:57  Drone  
  177  12:58  Drone  
  183  13:03  Roach  
  183  13:04  Roach  
  183  13:05  Roach x4  
  195  13:06  Roach x2  
  195  13:12  Drone  
  200  13:15  Hive, Zerg Missile Weapons Level 2  
  200  13:39  Hydralisk Den  
  199  13:41  Pneumatized Carapace  
  197  13:54  Roach  
  200  13:55  Drone  
  200  14:34  Grooved Spines  
  200  14:37  Hatchery, Lurker Den  
  198  14:42  Ravager  
  178  14:57  Roach x21  
  178  14:58  Roach x4  
  170  15:04  Roach x7  
  170  15:05  Roach x3  
  170  15:06  Roach x2  
  170  15:07  Roach x2  
  170  15:12  Queen x2  
  170  15:13  Queen  
  178  15:14  Roach x2  
  178  15:16  Roach  
  178  15:17  Roach  
  174  15:25  Roach x2  
  174  15:28  Roach x2  
  154  15:32  Roach x2  
  154  15:33  Roach x2  
  154  15:34  Roach  
  160  15:39  Roach  
  160  15:45  Roach  
  160  15:46  Muscular Augments  
  160  15:47  Ravager, Roach x2  
  166  15:53  Roach  
  166  15:56  Roach  
  162  16:03  Roach  
  148  16:04  Roach  
  148  16:05  Roach  
  148  16:11  Hydralisk  
  148  16:14  Hydralisk  
  148  16:18  Hydralisk  
  154  16:21  Hydralisk  
  156  16:27  Hydralisk  
  156  16:31  Hydralisk  
  160  16:33  Hydralisk  
  160  16:37  Adaptive Talons  
  162  16:41  Hydralisk  
  164  16:50  Lurker  
  164  16:52  Lurker x2  
  167  16:55  Lurker  
  168  17:04  Lurker  
  168  17:05  Lurker  
  168  17:06  Lurker  
  171  17:26  Hydralisk x3  
  171  17:27  Roach x2  
  181  17:39  Overseer  
Show
View Real Time Build Order
Export as new Build Order

hinO Zerg 

Build Orders: Hatch First, Zergling Baneling 

Get SALT Encoding   

  12  0:00  Drone  
  13  0:15  Overlord  
  13  0:18  Drone  
  14  0:33  Drone x2  
  16  0:49  Hatchery  
  15  0:53  Drone  
  15  0:56  Drone  
  17  0:59  Drone  
  18  1:10  Extractor  
  17  1:15  Spawning Pool  
  17  1:18  Drone  
  17  1:21  Drone  
  18  1:31  Drone  
  19  1:41  Overlord  
  19  1:54  Drone  
  20  2:01  Queen x2  
  20  2:02  Zergling x2  
  20  2:04  Zergling x2  
  26  2:10  Metabolic Boost  
  26  2:14  Drone x2  
  28  2:23  Drone  
  28  2:25  Drone  
  30  2:34  Drone  
  30  2:35  Drone  
  32  2:46  Hatchery  
  32  2:47  Drone  
  32  2:52  Drone  
  33  2:58  Baneling Nest  
  33  3:00  Drone x2  
  33  3:09  Overlord  
  33  3:11  Zergling x4  
  35  3:28  Zergling x6  
  35  3:29  Overlord  
  35  3:31  Drone x2  
  40  3:38  Evolution Chamber  
  40  3:39  Drone  
  40  3:40  Drone  
  41  3:42  Baneling x3  
  41  3:44  Zergling x4  
  41  3:48  Drone x2  
  45  3:50  Drone x2  
  45  3:53  Overlord  
  47  3:58  Baneling  
  47  3:59  Roach Warren  
  47  4:00  Zergling x4  
  47  4:02  Drone  
  48  4:05  Extractor  
  48  4:06  Extractor  
  46  4:14  Drone x3  
  49  4:17  Zerg Missile Weapons Level 1  
  49  4:20  Drone  
  49  4:22  Zergling x8  
  54  4:25  Zergling x4  
  54  4:26  Zergling x2  
  57  4:32  Spine Crawler  
  57  4:33  Spine Crawler, Zergling x4  
  57  4:34  Zergling x2  
  59  4:42  Spine Crawler, Zergling x4  
  59  4:46  Baneling x3  
  59  4:50  Zergling x8  
  64  4:52  Zergling x2  
  64  4:54  Baneling  
  64  4:58  Zergling x4  
  64  4:59  Baneling  
  65  5:13  Zergling x10  
  57  5:17  Roach Warren, Zergling x2  
  57  5:18  Zergling x4  
  57  5:26  Zergling x8  
  61  5:30  Zergling x8  
  65  5:41  Baneling x5  
  65  5:43  Overlord x2  
  65  5:56  Zergling x2  
  66  6:00  Overlord  
  55  6:11  Zergling x8  
  55  6:13  Drone x5  
  55  6:15  Drone x2  
  55  6:17  Drone  
  66  6:18  Lair  
  66  6:22  Drone  
  67  6:26  Extractor  
  67  6:28  Drone x4  
  67  6:30  Drone  
  72  6:33  Roach  
  72  6:38  Roach x2  
  76  6:42  Queen  
  76  6:45  Roach  
  79  6:51  Roach x2  
  83  6:55  Overlord x2  
  83  7:00  Roach x2  
  87  7:04  Roach  
  89  7:08  Baneling  
  89  7:09  Baneling x3  
  89  7:11  Overlord  
  89  7:15  Roach x3  
  95  7:19  Roach x2  
  95  7:30  Roach x6  
  95  7:34  Roach  
  100  7:40  Roach x3  
  100  7:43  Roach  
  99  7:49  Roach x2  
  95  7:52  Roach  
  95  7:54  Roach x3  
  93  8:00  Roach  
  93  8:01  Queen  
  93  8:03  Roach x2  
  95  8:12  Drone x2  
  97  8:16  Zerg Missile Weapons Level 2  
  97  8:17  Drone  
  98  8:23  Roach x2  
  98  8:25  Roach  
  104  8:31  Roach  
  106  8:38  Overlord x2  
  106  8:42  Glial Reconstitution  
  106  8:43  Extractor x2  
  106  8:45  Overseer  
  106  8:46  Overlord  
  106  8:47  Overlord  
  104  8:52  Overlord  
  104  8:59  Roach x3  
  110  9:04  Drone  
  110  9:05  Drone x3  
  110  9:06  Drone x3  
  110  9:07  Drone x2  
  119  9:12  Roach x3  
  125  9:17  Roach x2  
  125  9:22  Drone  
  130  9:28  Hydralisk Den  
  130  9:29  Roach x2  
  133  9:33  Roach  
  133  9:38  Drone x3  
  138  9:39  Overlord x2  
  138  9:55  Overlord x3  
  138  9:56  Pneumatized Carapace  
  130  10:03  Hydralisk x3, Grooved Spines  
  130  10:04  Hydralisk x3  
  140  10:07  Hydralisk  
  140  10:09  Drone  
  140  10:11  Spore Crawler  
  142  10:15  Hydralisk x2  
  142  10:20  Drone  
  142  10:21  Drone  
  148  10:22  Spore Crawler  
  148  10:25  Spore Crawler, Drone  
  148  10:26  Spore Crawler  
  146  10:31  Spore Crawler  
  146  10:32  Overlord  
  145  10:37  Spore Crawler  
  145  10:39  Zerg Ground Armor Level 1  
  144  10:46  Overlord x2  
  144  10:55  Hydralisk  
  144  10:56  Spore Crawler  
  145  10:57  Overlord x3  
  145  11:05  Hydralisk x2  
  145  11:09  Hydralisk x2  
  153  11:14  Muscular Augments  
  153  11:15  Hydralisk  
  153  11:16  Hydralisk  
  157  11:21  Roach x3  
  163  11:28  Roach x3  
  163  11:31  Ravager x5  
  163  11:32  Ravager x2  
  176  11:33  Ravager x2  
  176  11:35  Overseer  
  178  11:45  Overlord x2  
  178  11:49  Overlord  
  178  11:57  Overlord  
  162  12:12  Roach  
  162  12:13  Roach x11  
  154  12:24  Hydralisk  
  154  12:25  Hydralisk x3  
  136  12:33  Lurker Den  
  136  12:35  Hydralisk  
  136  12:36  Hydralisk x2  
  141  12:42  Hydralisk x2  
  145  12:47  Roach x2  
  149  12:51  Roach  
  149  12:52  Roach  
  149  12:57  Hydralisk  
  157  12:58  Roach  
  157  13:03  Hydralisk  
  157  13:04  Hydralisk  
  161  13:08  Ravager  
  161  13:09  Ravager x2  
  164  13:13  Roach x3  
  164  13:16  Roach  
  174  13:20  Roach  
  174  13:26  Roach x3  
  180  13:35  Hydralisk x3  
  186  13:43  Roach x3  
  190  13:50  Hydralisk x2  
  194  14:04  Roach x4  
  200  14:19  Zerg Ground Armor Level 2  
  196  14:52  Roach x3  
  193  14:53  Roach x10  
  193  14:57  Roach x3  
  193  14:58  Roach x4  
  169  15:10  Roach x4  
  175  15:18  Roach x3  
  177  15:26  Roach x3  
  156  15:30  Hydralisk  
  150  15:36  Hydralisk  
  150  15:42  Hydralisk x2  
  150  15:46  Hydralisk  
  146  15:51  Lurker  
  146  15:55  Roach x2  
  143  16:02  Hydralisk  
  143  16:03  Hydralisk  
  135  16:08  Lurker  
  135  16:09  Lurker x2  
  133  16:16  Hydralisk x2  
  137  16:19  Lurker  
  137  16:22  Lurker  
  139  16:26  Hydralisk x2  
  139  16:29  Lurker x2  
  145  16:33  Overseer  
  145  16:35  Roach  
  147  16:40  Roach  
  147  16:44  Roach  
  151  16:50  Hydralisk  
  153  16:59  Roach x3  
  159  17:06  Roach x2  
  163  17:10  Hydralisk  
  165  17:16  Hydralisk  
  164  17:29  Roach x4  
  161  17:39  Overlord  
Tags
 
Add a new tag
Caveats
  • Supply blocks, unpowered buildings, or Contaminate may cause inaccurate times.
  • Supply counts are checked every 10 seconds.